 Dungeon Crawl Stone Soup version 0.21.1-1-g345015fe64 (webtiles) character file.

11596 Kraso the Basher (level 11, -10/97 HPs)
             Began as a Minotaur Fighter on June 1, 2018.
             Mangled by a skeletal warrior
             ... wielding a +0 scimitar
              (25 damage)
             ... on level 10 of the Dungeon on June 20, 2018.
             The game lasted 01:05:12 (9467 turns).

Kraso the Basher (Minotaur Fighter)                 Turns: 9467, Time: 01:05:12

Health: -10/97     AC: 22    Str: 20 (22) XL:     11   Next: 51%
Magic:  10/10      EV:  9    Int:  4 (5)  God:
Gold:   536        SH:  0    Dex: 10 (12) Spells: 10/10 levels left

rFire    + . .     SeeInvis .   a - +2 whip (flame)
rCold    + . .     Gourm    .   N - +2 buckler
rNeg     . . .     Faith    .   n - +0 plate armour
rPois    +         Spirit   .   Y - +1 hat
rElec    +         Reflect  .   (no cloak)
rCorr    +         Harm     +   (no gloves)
MR       .....                  m - +2 pair of boots
Stlth    ..........             F - amulet of harm
HPRegen  0.26/turn              k - ring of poison resistance
MPRegen  0.12/turn              u - +3 ring of protection

@: confused, resistant
A: retaliatory headbutt, horns 2
a: no special abilities


You were on level 10 of the Dungeon.
You were hungry.

You visited 2 branches of the dungeon, and saw 12 of its levels.

You collected 536 gold pieces.

Inventory:

Hand Weapons
 a - a +2 whip of flaming (weapon)
 b - a +3 flail
 y - a +2 dire flail of holy wrath
 H - a +1 flail of draining
Armour
 c - a +0 shield
 m - a +2 pair of boots (worn)
 n - a +0 plate armour (worn)
 N - a +2 buckler (worn)
 Y - a +1 hat (worn)
Magical Staves
 p - an uncursed staff of earth
 W - an uncursed staff of fire
Jewellery
 g - an uncursed ring of magical power {unknown}
 h - an uncursed ring of positive energy
 j - an uncursed ring of fire
 k - a ring of poison resistance (left hand)
 u - a +3 ring of protection (right hand)
 E - an uncursed amulet of regeneration
 F - an amulet of harm (around neck)
 I - an uncursed ring of positive energy
 L - an uncursed amulet of faith {unknown}
 O - an uncursed ring of stealth
 U - a +4 amulet of reflection {unknown}
 X - an uncursed ring of fire
Wands
 P - a wand of polymorph (28)
Scrolls
 e - 4 scrolls of remove curse
 v - a scroll of noise {unknown}
 B - 4 scrolls of blinking
 D - a scroll of amnesia
 J - a scroll of immolation
 K - 4 scrolls of magic mapping
 M - 2 scrolls of enchant weapon
 Q - 5 scrolls of identify
 R - 2 scrolls of fear {unknown}
 V - a scroll of enchant armour
 Z - a scroll of teleportation
Potions
 i - a potion of magic {unknown}
 l - 2 potions of degeneration
 o - a potion of mutation {unknown}
 q - a potion of resistance
 r - a potion of ambrosia
 w - 2 potions of brilliance {unknown}
 A - a potion of flight {unknown}
 C - a potion of haste {unknown}
 G - a potion of invisibility {unknown}
Miscellaneous
 S - a sack of spiders
Comestibles
 f - a ration


   Skills:
 + Level 9.1 Fighting
   Level 5.1(9.3) Axes
 + Level 11.9(12.3) Maces & Flails
 + Level 10.3 Armour
 + Level 6.3 Dodging
 + Level 2.2 Stealth
 + Level 10.3 Shields


You had 10 spell levels left.
You didn't know any spells.

Dungeon Overview and Level Annotations

Branches:
Dungeon (11/15)            Temple (0/1) D:6            Lair (1/6) D:8
    Orc: D:9-12

Altars:
Gozag
Yredelemnul


Innate Abilities, Weirdness & Mutations

You reflexively headbutt those who attack you in melee.
You have a pair of horns on your head.


Message History

Press: ? - help, v - describe, . - travel The floor.
You hit the skeletal warrior but do no damage.
You headbutt the skeletal warrior, but do no damage.
The skeletal warrior is almost destroyed.
The skeletal warrior hits you with a scimitar!
* * * LOW HITPOINT WARNING * * *
It was a potion of degeneration.
There was something very wrong with that liquid.
You feel weakened.
You feel dopey.
You feel clumsy.
You block the skeletal warrior's attack.
It was a potion of resistance.
You feel protected.
The skeletal warrior hits you but does no damage.
It was a potion of ambrosia.
You are confused.
You feel invigorated.
You bump into the rock wall.
The skeletal warrior hits you with a scimitar!!
You die...

#.............#.#....# ##..
##.#####.#.##.#[#.#..# ### #.#
#...#...........# #. #.#
#.#.#..#.#.#....# #. #.#
#..)#..#.#.##.#.########. #.#
###.#..#.#.##.#.......... #.#
#.#..#.................
##.#####.#..#z..##.#########..
#........#.)#@........)....'..
####........#....#.#########..
#.##....##..#.#.# #..
#.##.#####..#.#.# #..
#.##........#.#.# #..
#.#########.#.#.# ##' #.#
#......# #.
#.###########.##### #.
#..........##.....# #.


You could see a skeletal warrior.

Vanquished Creatures
  Gastronok (D:10)
  A two-headed ogre (D:9)
  A skeletal warrior (D:10)
  An unseen horror (D:10)
  Pikel (D:8)
  A centaur skeleton (D:10)
  A troll (D:8)
  Prince Ribbit (D:8)
  2 hippogriffs
  Sigmund (D:4)
  2 vampires
  6 yaks (D:10)
  A hungry ghost (D:9)
  Edmund (D:4)
  A water moccasin (D:8)
  4 orc warriors
  2 porcupines (D:8)
  4 ice beasts
  4 sky beasts
  A slave (D:8)
  A black bear (D:8)
  2 phantoms
  6 ogres
  A necrophage (D:7)
  5 centaurs
  A big kobold (D:10)
  3 bullfrogs
  2 scorpions (D:10)
  9 killer bees (D:9)
  3 wights (D:7)
  3 howler monkeys
  3 jellies
  4 crimson imps
  A centaur zombie (D:5)
  2 quasits
  10 orc priests
  4 hounds
  Jessica (D:1)
  Terence (D:3)
  13 orc wizards
  3 worker ants
  A killer bee zombie (D:8)
  2 hound skeletons
  A worker ant zombie (D:7)
  4 gnolls (D:3)
  7 adders
  2 oozes
  An adder skeleton (D:9)
  A worm (D:5)
  A dart slug (D:2)
  4 leopard geckos
  58 orcs
  2 ball pythons
  7 giant cockroaches
  8 goblins
  10 hobgoblins
  6 jackals
  8 quokkas
  5 bats
  6 frilled lizards
  A jackal zombie (D:6)
  14 kobolds
  2 quokka skeletons
  2 quokka zombies
  5 rats
273 creatures vanquished.

Vanquished Creatures (others)
  A centaur (D:8)
  A fungus (D:8)
  A plant (D:8)
  4 toadstools (D:1)
7 creatures vanquished.

Grand Total: 280 creatures vanquished

Notes
Turn   | Place    | Note
-------+----------+-------------------------------------------
     0 | D:1      | Kraso the Minotaur Fighter began the quest for the Orb.
     0 | D:1      | Reached XP level 1. HP: 19/19 MP: 0/0
   191 | D:1      | Reached XP level 2. HP: 21/27 MP: 1/1
   623 | D:2      | Reached XP level 3. HP: 31/33 MP: 2/2
   662 | D:2      | Noticed Jessica
   692 | D:1      | Killed Jessica
   692 | D:1      | Reached skill level 3 in Maces & Flails
   764 | D:2      | Reached XP level 4. HP: 37/41 MP: 3/3
   767 | D:2      | Found an opulent altar of Gozag.
   768 | D:2      | Noticed a phantom
   872 | D:2      | Killed a phantom
   872 | D:2      | Reached skill level 1 in Dodging
   872 | D:2      | Reached XP level 5. HP: 44/47 MP: 4/4
  1022 | D:2      | Reached skill level 4 in Maces & Flails
  1058 | D:2      | Found a basalt altar of Yredelemnul.
  1734 | D:3      | Reached XP level 6. HP: 53/53 MP: 5/5
  1850 | D:3      | Noticed Terence
  1862 | D:3      | Killed Terence
  1862 | D:3      | Reached skill level 1 in Axes
  1862 | D:3      | Reached skill level 5 in Armour
  2414 | D:4      | Noticed Sigmund
  2421 | D:4      | Killed Sigmund
  2421 | D:4      | Reached skill level 5 in Maces & Flails
  2421 | D:4      | Reached skill level 5 in Shields
  2589 | D:4      | Reached XP level 7. HP: 44/60 MP: 6/6
  2775 | D:4      | Noticed Edmund
  2776 | D:4      | Reached skill level 5 in Fighting
  2783 | D:4      | Reached skill level 1 in Stealth
  2791 | D:4      | Killed Edmund
  2877 | D:4      | Reached XP level 8. HP: 56/68 MP: 7/7
  2915 | D:4      | Reached skill level 5 in Axes
  3425 | D:5      | Entered Level 5 of the Dungeon
  3564 | D:6      | Found a staircase to the Ecumenical Temple.
  3699 | D:5      | Reached skill level 6 in Maces & Flails
  4006 | D:5      | Reached skill level 7 in Maces & Flails
  4787 | D:6      | Reached XP level 9. HP: 68/75 MP: 8/8
  4977 | D:8      | Reached skill level 8 in Maces & Flails
  4984 | D:8      | Found a staircase to the Lair.
  5020 | Lair:1   | Entered Level 1 of the Lair of Beasts
  5260 | D:8      | Reached skill level 9 in Maces & Flails
  5325 | D:8      | Noticed Prince Ribbit
  5408 | D:8      | Killed Prince Ribbit
  5667 | D:8      | Noticed a troll
  5696 | D:8      | Killed a troll
  5748 | D:8      | Noticed Pikel
  5771 | D:8      | Killed Pikel
  5771 | D:8      | Reached skill level 10 in Maces & Flails
  5771 | D:8      | Reached skill level 5 in Dodging
  5771 | D:8      | Reached XP level 10. HP: 66/86 MP: 9/9
  6812 | D:5      | You fall through a shaft for 2 floors!
  7143 | D:9      | Noticed a two-headed ogre
  7156 | D:9      | Killed a two-headed ogre
  7458 | D:10     | Entered Level 10 of the Dungeon
  7999 | D:10     | Reached skill level 11 in Maces & Flails
  8008 | D:10     | Noticed Gastronok
  8053 | D:10     | Killed Gastronok
  8053 | D:10     | Reached XP level 11. HP: 44/94 MP: 10/10
  8324 | D:10     | Reached skill level 10 in Shields
  8525 | D:10     | Killed an unseen horror
  9052 | D:11     | Reached skill level 10 in Armour
  9168 | D:11     | Noticed a skeletal warrior
  9168 | D:11     | Noticed a skeletal warrior
  9204 | D:10     | Killed a skeletal warrior
  9424 | D:11     | Noticed a skeletal warrior
  9467 | D:10     | Mangled by a skeletal warrior

Skill      XL: |  1  2  3  4  5  6  7  8  9 10 11 |
---------------+----------------------------------+-----
Fighting       | 4 5 7 8 9 |  9.1
Armour         | 4 5 6 7 8 9 10 | 10.3
Shields        | 4 5 6 8 9 10 | 10.3
Maces & Flails | 3 4 5 7 10 11 | 11.9
Dodging        | 1 2 3 5 6 |  6.3
Axes           | 2 4 5 |  5.1
Stealth        | 1 2 |  2.2

Action                   |  1- 3 |  4- 6 |  7- 9 | 10-12 || total
-------------------------+-------+-------+-------+-------++-------
Melee: Flail             |    80 |    84 |   243 |       ||   407
       Headbutt          |     4 |    33 |    63 |    98 ||   198
       Hand axe          |       |    85 |    30 |       ||   115
       Dagger            |       |     4 |       |       ||     4
       Dire flail        |       |       |    87 |       ||    87
       Whip              |       |       |       |   497 ||   497
  Use: Scroll            |     4 |     9 |     2 |     3 ||    18
       Potion            |     1 |     1 |     2 |     9 ||    13
  Eat: Ration            |       |     2 |     2 |     2 ||     6
       Chunk             |       |       |     3 |     5 ||     8
Armor: Scale mail        |    42 |    56 |   107 |     7 ||   212
       Skin              |       |       |     6 |       ||     6
       Chain mail        |       |       |       |   114 ||   114
       Plate armour      |       |       |       |    10 ||    10
Dodge: Dodged            |     9 |    34 |   118 |    83 ||   244
Block: Shield            |    39 |    58 |   128 |    10 ||   235
       Buckler           |       |       |       |    88 ||    88
